cohdb
Replays
Latest Replays
All Replays
Popular Replays
Top Player Replays
Match Explorer
How It Works
Community
CoH3 Stats
Reddit
Sign in to upload your games and track your stats! →
Sign in with Steam
Match 44946576
Unlisted
Match 44946576
Overview
Messages
Build Orders
End
Scout Squad
Construct Weapon Support Center
M1919 Machine Gun Team
Selects Armored Battlegroup
Selects Veteran Crews
Engineer Squad
Bazooka Squad
Air Support Center
Selects Fast Deploy
M3 Armored Personnel Carrier
Construct Medical Station
Mortar Pit
P-47 Strafing Run
M3 Armored Personnel Carrier
Mortar Pit
Bazooka Squad
.30 cal Machine Gun
M1919 Machine Gun Team
Double Sortie
Selects M31 Recovery Vehicle
P-47 Strafing Run
Mortar Pit
Improved M9 Bazooka Rockets
Selects War Machine
Construct Tank Depot
Gwangju's Hero Chun Doo-gwang
Reactive
TheWolf
The101stAirBorne ITA
Q
FLOKL
0
0
Comments
sign in to comment!
No comments posted yet!